Cogmind - Beta 13 @@@ ROGUE MODE // 2024.04.18 @ 19:30:15 Player: LEWiKK Result: Destroyed by H-55 Commando with Gauss Rifle Performance ------------- Evolutions (1) 500 Regions Visited (4) 800 Robots Destroyed (38) 190 Value Destroyed (1253) 1253 Prototype IDs (3) 60 Alien Tech Used (0) 0 Bonus (-360) -360 TOTAL SCORE: 2443 Bonus ------- Follower Combat Kills 126 Entered Garrisons 200 Friendly Fire -686 Cogmind --------- Core Integrity 0/400 Matter 257/300 Energy 177/250 System Corruption 4% Temperature Cool (0) Movement Walking (260) Ox2 Location -9/Garrison Parts ------- > --- POWER (1) -------- Ion Engine > --- PROPULSION (3) --- Aluminum Leg > --- UTILITY (3) ------ Medium Storage Unit Signal Interpreter Light Armor Plating > --- WEAPON (2) ------- Gauss Rifle > --- INVENTORY (10) --- Light Armor Plating Drone Bay (2/2) Drone Bay (2/2) Grenade Launcher Peak State ------------ > --- POWER ------------ Light Ion Engine > --- PROPULSION ------- Aluminum Leg Aluminum Leg Aluminum Leg > --- UTILITY ---------- Medium Storage Unit Signal Interpreter Drone Bay > --- WEAPON ----------- Small Laser Heavy Assault Rifle > --- INVENTORY -------- Ion Engine Heavy Ion Engine Light Armor Plating Light Armor Plating Shield Generator Drone Bay Improved Lightning Gun Grenade Launcher Mini Grenade Launcher [Rating: 16] Favorites ----------- Power Light Ion Engine Engine Light Ion Engine Propulsion Aluminum Leg Leg Aluminum Leg Utility Medium Storage Unit Device Drone Bay Storage Medium Storage Unit Processor Signal Interpreter Protection Medium Armor Plating Weapon Small Laser Energy Gun Small Laser Ballistic Gun Assault Rifle Build | -11 -10 -9 -9 -9 ------- Run | Yrd Mat Mat Sto Gar Slots Evolved 2 | . . 2 . . Power . | . . . . . Propulsion 1 | . . 1 . . Utility 1 | . . 1 . . Weapon . | . . . . . Parts Attached 29 | . 2 7 9 11 Power 4 | . . 2 1 1 Engine 4 | . . 2 1 1 Core . | . . . . . Reactor . | . . . . . Propulsion 8 | . . 3 2 3 Treads . | . . . . . Leg 8 | . . 3 2 3 Wheel . | . . . . . Hover . | . . . . . Flight . | . . . . . Utility 9 | . 2 1 3 3 Device 3 | . . . 3 . Storage 1 | . 1 . . . Processor 1 | . 1 . . . Hackware . | . . . . . Protection 4 | . . 1 . 3 Artifact . | . . . . . Weapon 8 | . . 1 3 4 Energy Gun 5 | . . . 2 3 Energy Cannon . | . . . . . Ballistic Gun 3 | . . 1 1 1 Ballistic Cannon . | . . . . . Launcher . | . . . . . Special Weapon . | . . . . . Impact Weapon . | . . . . . Slashing Weapon . | . . . . . Piercing Weapon . | . . . . . Special Melee Weapon . | . . . . . Unidentified Prototypes 1 | . . . . 1 Parts Lost 25 | . . 5 7 13 Power 4 | . . 2 1 1 Propulsion 9 | . . 2 2 5 Utility 4 | . . . 1 3 Weapon 8 | . . 1 3 4 Highest Loss Streak 7 | . . 5 3 7 To Critical Strikes . | . . . . . Average Slot Usage (%) 94 | . 85 91 99 90 Engine 11 | . 14 11 11 10 Leg 31 | . 28 31 32 26 Device 5 | . . . 10 3 Storage 11 | . 14 11 11 11 Processor 8 | . . 11 11 11 Protection 1 | . . 4 . 7 Energy Gun 16 | . 14 11 19 11 Ballistic Gun 6 | . 14 11 2 9 Naked Turns . | . . . . . Heaviest Build 24 | 14 19 23 23 24 Greatest Support 30 | 20 20 30 30 30 Greatest Overweight (x) 7 | . . . . 7 Average Overweight (x) . | . . . . . Largest Inventory Capacity 10 | . 10 10 10 10 Average Capacity 9 | . 9 10 10 10 Most Carried 10 | . 10 9 10 10 Average Carried 8 | . 7 6 9 8 Final Capacity 10 | 8 10 10 10 10 Final Carried 10 | 6 8 9 10 4 Class Distribution -------------------- 51% | Scavenger-Mutant 41% | Mutant 7% | Commander-Mutant Dominant Class ---------------- Mutant | -10/Materials Mutant | -9/Materials Scavenger-Mutant | -9/Storage Scavenger-Mutant | -9/Garrison Resources | -11 -10 -9 -9 -9 ----------- Run | Yrd Mat Mat Sto Gar Matter Collected 603 | 200 46 155 83 119 Remotely . | . . . . . Salvage Created 1408 | . 209 464 397 338 Parts 88 | . 9 21 27 31 Haulers Intercepted . | . . . . . Recyclers Shooed 2 | . . 1 1 . Parts Field Recycled . | . . . . . Retrieved Matter . | . . . . . Parts Self-Destructed . | . . . . . Prevented . | . . . . . Kills | -11 -10 -9 -9 -9 ------- Run | Yrd Mat Mat Sto Gar Combat Hostiles Destroyed 30 | . 3 8 12 7 Guns 27 | . 2 8 11 6 AOE 1 | . . . 1 . Classes Destroyed 8 | . 2 3 1 2 Tunneler 1 | . . 1 . . Recycler 2 | . 1 1 . . Watcher 2 | . . 1 . 1 Swarmer 6 | . . . 6 . Grunt 18 | . 3 6 3 6 Brawler 1 | . . . . 1 Sentry 7 | . . 2 3 2 Hunter 1 | . . . . 1 Best Kill Streak 4 | . 2 4 4 4 Combat Bots Only 4 | . 1 3 4 4 Max Kills in Single Turn 3 | . 1 2 1 3 Gunslinging 1 | . . . . 1 Exploded 1 | . . . 1 . Melee . | . . . . . Uniques/NPCs Destroyed . | . . . . . Combat | -11 -10 -9 -9 -9 -------- Run | Yrd Mat Mat Sto Gar Hostile Shots Fired 250 | . 12 89 47 102 Missed 54 | . 4 19 8 23 Damage Taken 2644 | . 98 939 397 1210 Core 420 | . 11 138 57 214 Absorbed by Shields 55 | . . . 23 32 Core Remaining (%) 97 | 100 95 . . . Volleys Fired 137 | . 12 58 35 32 Largest 2 | . 2 2 2 2 Hottest 110 | . 70 70 90 110 Shots Fired 266 | . 24 116 68 58 Gun 266 | . 24 116 68 58 Cannon . | . . . . . Launcher . | . . . . . Special . | . . . . . Kinetic 100 | . 12 58 6 24 Thermal 107 | . 12 58 34 3 Explosive . | . . . . . Electromagnetic 59 | . . . 28 31 Robot Hit Streak 15 | . 8 12 15 12 Robot Miss Streak 5 | . 2 5 5 3 Penetration Max . | . . . . . Secondary Targets 3 | . . . 1 2 Max Gunslinging Chain 1 | . . . 1 1 Shots Hit Robots 180 | . 17 86 38 39 Core Hits 67 | . 7 25 17 18 Critical Kills . | . . . . . Critical Parts Destroyed 1 | . . 1 . . Critical Strikes 12 | . 3 6 1 2 Burn 9 | . 3 5 1 . Destroy 1 | . . 1 . . Corrupt 2 | . . . . 2 Melee Attacks . | . . . . . Impact . | . . . . . Slashing . | . . . . . Piercing . | . . . . . Sneak Attacks . | . . . . . Combat Hostiles . | . . . . . Follow-up Attacks . | . . . . . Damage Inflicted 2834 | . 206 966 583 1079 Guns 2294 | . 206 966 475 647 Cannons . | . . . . . Explosions 538 | . . . 106 432 Melee . | . . . . . Ramming 2 | . . . 2 . Kinetic 823 | . 108 408 58 249 Thermal 1064 | . 98 558 323 85 Explosive 347 | . . . . 347 Electromagnetic 598 | . . . 200 398 Impact . | . . . . . Slashing . | . . . . . Piercing . | . . . . . Highest Corruption 4 | . . . . 4 Average Corruption 4 | . . . . 4 Corruption Purged . | . . . . . Corruption Blocked . | . . . . . Effects 1 | . . . . 1 Matter Fused 1 | . . . . 1 Overload Shots . | . . . . . Overflow Damage . | . . . . . Projectiles . | . . . . . Explosions . | . . . . . Melee . | . . . . . Knockbacks . | . . . . . Impact . | . . . . . Kinetic . | . . . . . Secondary . | . . . . . Self-Inflicted Damage 187 | . . . 25 162 Shots 3 | . . . 1 2 Rammed . | . . . . . Targets Rammed 1 | . . . 1 . Kicked 1 | . . . 1 . Crushed . | . . . . . Highest Temperature 271 | . 81 271 72 268 Average Temperature 80 | . 29 100 23 117 Received Heat Transfer 833 | . 75 540 65 153 Siege Activations . | . . . . . Robots Corrupted 1 | . . . . 1 Combat Hostiles 1 | . . . . 1 Parts Fried 2 | . . . . 2 Impact Corruptions . | . . . . . Robots Melted 1 | . 1 . . . Combat Hostiles 1 | . 1 . . . Parts Melted 6 | . 1 4 1 . Heat Transferred 3400 | . 518 2035 747 100 Parts Sabotaged . | . . . . . Parts Stolen . | . . . . . Parts Stripped . | . . . . . Power Chain Reactions 2 | . . . 1 1 Alert | -11 -10 -9 -9 -9 ------- Run | Yrd Mat Mat Sto Gar Peak Influence 227 | . 104 227 134 112 Initial 14 | . . 14 13 . Average 48 | . 25 106 36 66 Maximum Alert Level 1 | . . 1 . . Low Security (%) 99 | . 100 96 100 100 Level 1 . | . . 4 . . Level 2 . | . . . . . Level 3 . | . . . . . Level 4 . | . . . . . Level 5 . | . . . . . High Security . | . . . . . Max Security . | . . . . . Squads Dispatched 3 | . 1 1 1 . Investigation 2 | . 1 1 . . Extermination . | . . . . . Reinforcement 1 | . . . 1 . Assault . | . . . . . Garrison . | . . . . . Intercept . | . . . . . Searches Triggered . | . . . . . Construction Impeded . | . . . . . Haulers Reinforced . | . . . . . Active Scanning Responses . | . . . . . Cargo Convoy Interrupts . | . . . . . Stealth | -11 -10 -9 -9 -9 --------- Run | Yrd Mat Mat Sto Gar Distress Signals 7 | . 2 1 4 . Communications Jammed . | . . . . . Distress Signals . | . . . . . Times Spotted 46 | . 9 11 16 10 Peak Tracking Total 7 | . 3 7 4 5 Tactical Retreats 2 | . 1 1 . . Traps | -11 -10 -9 -9 -9 ------- Run | Yrd Mat Mat Sto Gar Traps Triggered 1 | . . 1 . . Indirectly . | . . . . . Trap Hack Attempts . | . . . . . Triggered . | . . . . . Disarmed . | . . . . . Reprogrammed . | . . . . . Reused . | . . . . . Traps Extracted . | . . . . . Installed . | . . . . . Triggered . | . . . . . Machines | -11 -10 -9 -9 -9 ---------- Run | Yrd Mat Mat Sto Gar Machines Disabled 2 | . . . . 2 Max in Single Turn 1 | . . . . 1 Phase Generator 1 | . . . . 1 Machines Repaired . | . . . . . Machines Dismantled . | . . . . . Machines Sabotaged . | . . . . . Overloaded Fab Kills . | . . . . . Hacking | -11 -10 -9 -9 -9 --------- Run | Yrd Mat Mat Sto Gar Machines Accessed 10 | . 2 1 6 1 Terminals 9 | . 2 1 5 1 Fabricators . | . . . . . Repair Stations . | . . . . . Recycling Units . | . . . . . Scanalyzers . | . . . . . Garrison Access 1 | . . . 1 . Total Hacks 21 | . 7 2 10 2 Successful 11 | . 4 1 6 . Failed 10 | . 3 1 4 2 Catastrophic 1 | . . . 1 . Database Lockouts . | . . . . . Manual 7 | . 4 2 1 . Terminals 20 | . 7 2 9 2 Fabricators . | . . . . . Repair Stations . | . . . . . Recycling Units . | . . . . . Scanalyzers . | . . . . . Garrison Access 1 | . . . 1 . Terminal Hacks 8 | . 2 1 5 . Prototype ID Bank 1 | . . 1 . . Open Door 4 | . . . 4 . Alert Level 1 | . 1 . . . Unreport Threat 1 | . . . 1 . Zone Layout 1 | . 1 . . . Fabricator Hacks . | . . . . . Repair Station Hacks . | . . . . . Recycling Unit Hacks . | . . . . . Scanalyzer . | . . . . . Garrison Access Hacks 1 | . . . 1 . Unlock Access 1 | . . . 1 . Unauthorized Hacks 2 | . 2 . . . Terminals 2 | . 2 . . . Botnet 2 | . 2 . . . Fabricators . | . . . . . Repair Stations . | . . . . . Recycling Units . | . . . . . Scanalyzers . | . . . . . Garrison Access . | . . . . . Data Cores Recovered 1 | . . . 1 . Used . | . . . . . Hacking Detections 8 | . 2 1 4 1 Full Trace Events 1 | . 1 . . . Feedback Events . | . . . . . Feedback Blocked . | . . . . . Robot Schematics Acquired . | . . . . . Robots Built . | . . . . . Authchips . | . . . . . Time . | . . . . . Total Robot Build Rating . | . . . . . Part Schematics Acquired . | . . . . . Parts Built . | . . . . . Authchips . | . . . . . Time . | . . . . . Total Part Build Rating . | . . . . . Parts Repaired . | . . . . . Time . | . . . . . Parts Recycled . | . . . . . Recycled Matter . | . . . . . Retrieved Matter . | . . . . . Retrieved Components . | . . . . . Parts Scanalyzed . | . . . . . Part Schematics Acquired . | . . . . . Parts Damaged . | . . . . . Bothacking | -11 -10 -9 -9 -9 ------------ Run | Yrd Mat Mat Sto Gar Used RIF Installer . | . . . . . Robots Hacked . | . . . . . Non-combat . | . . . . . Combat . | . . . . . Robot Hacks Applied . | . . . . . Relay Couplers Released . | . . . . . Fabnet Peak Effective % . | . . . . . Robots Rewired 1 | . . . 1 . Allies Hacked . | . . . . . Hacks Repelled . | . . . . . Allies | -11 -10 -9 -9 -9 -------- Run | Yrd Mat Mat Sto Gar Total Allies 11 | . . . 11 . Largest Group 10 | . . . 10 10 Highest-Rated Group 88 | . . . 88 88 Highest-Rated Ally 16 | . . . 16 16 Total Orders 11 | . . . 11 . DROP 1 | . . . 1 . EXPLORE 10 | . . . 10 . Ally Attacks 49 | . . . 26 23 Total Damage 408 | . . . 220 188 Kills 5 | . . . 3 2 Allies Corrupted . | . . . . . Allies Melted . | . . . . . Intel | -11 -10 -9 -9 -9 ------- Run | Yrd Mat Mat Sto Gar Robot Analysis Total . | . . . . . Derelict Logs Recovered . | . . . . . Drone Launches 10 | . . . 10 . Drone Recoveries . | . . . . . Exploration | -11 -10 -9 -9 -9 ------------- Run | Yrd Mat Mat Sto Gar Turns Passed 2623 | . 526 425 1384 288 Spaces Moved 1026 | 1 313 192 399 121 Core 3 | . . . . 3 Treads . | . . . . . Legs 1023 | 1 313 192 399 118 Wheels . | . . . . . Hover . | . . . . . Flight . | . . . . . Fastest Speed 120 | 120 120 120 120 120 Average Speed 120 | 120 120 120 120 127 Slowest Speed 400 | 120 120 120 120 400 Overloaded Moves . | . . . . . Propulsion Burnouts . | . . . . . Robots Hopped . | . . . . . Cave-ins Triggered . | . . . . . Exploration Rate (%) 29 | 2 48 18 55 26 Regions Visited 4 Branch Regions 1 Pre-discovered Areas . | . . . . . Known Exits Taken 3 | . 1 1 1 . Unknown Exits Taken 1 | 1 . . . . Scrap Searched . | . . . . . Spaces Dug . | . . . . . Terrain Destroyed 79 | . . . 4 75 Melee . | . . . . . Projectile . | . . . . . AOE 79 | . . . 4 75 Terrain Rammed . | . . . . . Walls Destroyed . | . . . . . Machines Disabled . | . . . . . Actions | -11 -10 -9 -9 -9 --------- Run | Yrd Mat Mat Sto Gar Total 2157 | . 442 278 1238 199 Wait 911 | . 103 14 769 25 Move 1023 | . 312 191 399 121 Hop . | . . . . . Pick Up 35 | . 8 8 12 7 Fast Attach . | . . . . . Attach 26 | . 2 7 7 10 Detach . | . . . . . Swap 3 | . . . 2 1 Drop 12 | . 5 . 4 3 Fire 137 | . 12 58 35 32 Melee . | . . . . . Ram . | . . . . . Kick 1 | . . . 1 . Crush . | . . . . . Escape Stasis . | . . . . . Rewire 4 | . . . 4 . Trap . | . . . . . Miscellaneous 5 | . . . 5 . Route ------- -11/Scrapyard -10/Materials (discovered 2 exits: *Mat / [*Min]) -9/Materials -9/Storage (discovered 2 exits: *Rec / Gar) -9/Garrison History --------- Turn | Location | Event 1 | -11/Scrapyard | Discovered new exit (range 0) 1 | -11/Scrapyard | Entered Materials 276 | -10/Materials | Discovered new exit (range 16) 324 | -10/Materials | Build established: Mutant 524 | -10/Materials | Discovered new exit (range 3) 527 | -10/Materials | Identified exit to Materials 527 | -10/Materials | Entered another Materials area 527 | -9/Materials | Evolved 2 slots: Propulsion x1, Utility x1 718 | -9/Materials | Discovered new exit (range 4) 723 | -9/Materials | Lost 5 parts (2p2n1w) 843 | -9/Materials | Identified exit to Storage 952 | -9/Materials | Entered Storage 1084 | -9/Storage | Lost 3 parts (2n1w) 1351 | -9/Storage | Build established: Scavenger-Mutant 1969 | -9/Storage | Used back door to open Recycling access 1969 | -9/Storage | Discovered new exit (range 5) 1973 | -9/Storage | Identified exit to Recycling 2212 | -9/Storage | Assisted by bots powering up and referring to "LRC-V3" 2336 | -9/Storage | Identified exit to Garrison 2336 | -9/Storage | Entered Garrison 2336 | -9/Garrison | Accompanied by 10 allies 2361 | -9/Garrison | Phase Generator disabled 2387 | -9/Garrison | Murdered 3 allies 2420 | -9/Garrison | Core integrity fell below 50% 2453 | -9/Garrison | Lost 3 allies 2550 | -9/Garrison | Lost 4 allies 2571 | -9/Garrison | Lost 5 parts (3n1u1w) 2585 | -9/Garrison | Core integrity fell below 20% 2624 | -9/Garrison | Destroyed by H-55 Commando with Gauss Rifle Last Messages --------------- Aluminum Leg destroyed. Slug penetrates Wall. System corrupted: Matter fused (-6). Penetrated by Slug. H-55 Commando destroyed. Penetrated by Slug. Imp. Lightning Gun destroyed. Penetrated by Slug. Lgt. Armor Plating destroyed. Lgt. Ion Engine destroyed. Penetrated by Slug. Shock Rifle destroyed. Acquired Lgt. Armor Plating. H-55 Commando misfires. Penetrated by Slug. Acquired Aluminum Leg. Slug penetrates Wall. Acquired Gauss Rifle. H-55 Commando misfires. Slug penetrates Wall. Map ----- +----------------------------------------------------+ | ?????????????????????????????????????????????????? | | ?????????????????????????????????????????????????? | | ?????????????????????????????????????????????????? | | ?????????????????????????????????????????????????? | | ?????????????????????????????????????????????????? | | ?????????????????????????????????????????????????? | | ?????????????????????????????????????????????????? | | ?????????????????????????????????????????????????? | | ?????????????????#???????????????????????????????? | | ?????????????"""## ??????????????????????????????? | | ?????????????? ??????????????????????????????? | | ??????????????? ?????????????????????????????? | | ?????????? ???? ?????????????????????????????? | | ???????????# ???# ????????????????????????????? | | ???????? ## ## ###?????????????????????????? | | ??????? #?????????????????????????? | | ??????? %=#?????????????????????????? | | ??????? [%####??????????????????????? | | ??????? %[=[*#??????????????????????? | | ??????????## ## ####%#??????????????????????? | | ???????????# ## ####!#############??????????? | | ????????? = [!%=%! %= ???????? | | ????????? %!%[=*!*h*= #####??????????????? | | ????????? * ####*## #??????????????????? | | ???????????# ## #???#*## #??????????????????? | | ???????????# ?# #???#@## #??????????????????? | | ???????????####??# #???# ## ####???????????????? | | ?????????????????# #???# ????????? | | ?????????????????# ##### ## ####???????????????? | | ?????????????????# ## #??????????????????? | | ?????????????????# ######## #??????????????????? | | ?????????????????# ######## #??????????????????? | | ?????????????????# #########??????????? | | ?????????????????# ???? | | ?????????????????########### #########??????????? | | ??????????????????#[#??????# #??????????????????? | | ??????????????????#!###????# #??????????????????? | | ??????????????????#%%*#????# #??????????????????? | | ??????????????????#=###????# #??????????????????? | | ????????????????###%###????# #??????????????????? | | ????????????????#/![ ###### ##############?????? | | ????????????????#/ ! [] #?????? | | ????????????????#/*!![###### #?????? | | ????????????????#// [[### # ###### #?????? | | ????????????????###=#### ####??# #?????? | | ??????????????????#=### #??##/##?????? | | ??????????????????# "## ###??# #??????? | | ??????????????????# T# ## #??# #??????? | | ??????????????????#""## ###### #??????? | | ??????????????????#### #??????? | +----------------------------------------------------+ Best States ------------- Heat Dissipation 28 Energy Generation 10 Energy Capacity 250 Matter Stores 300 Matter Capacity 300 Sight Range 16 Terrain Scan Density 10 Armor Coverage 225 Evasion (%) 55 Item Schematics ----------------- None Robot Schematics ------------------ None Fabricated ------------ Nothing Alien Tech Used ----------------- None Achievements -------------- A New Friend Challenges ------------ None Game ------ Seed ProtonSigixFlamer Manual? 0 Play Time 00:28:36 Cumulative 29.5 hours Start 2024.04.18 @ 19:02:56 End 2024.04.18 @ 19:30:15 Sessions 1 Manual Loads 0 Difficulty Rogue Special Mode None Game No. 30 Rogue 30 Adventurer 0 Explorer 0 Win Type - Total 0 Types 0/0/0/0/0/0/0/0/0 Lore% 29 Gallery% 22 Achievement% 25 Wizard Run 0 Options --------- Layout 1 ASCII 0 Keyboard 0 Movement Mouse Keybinds 0 Fullscreen 2 Font 20/SmallcapsGlow Map View 54x42 Zoom Use 0% Tactical HUD 0 Map Filters NONE Filters NONE Steam 1 RUN: dec0047d-761c-4c91-8c21-fc329851744d